 Dungeon Crawl Stone Soup version 0.29.0-11-gd7f09526c8 (webtiles) character file.

Game seed: 18162053486111536426

79 Zeldest the Stinger (level 4, 0/30 HPs)
             Began as a Formicid Venom Mage on Sept 5, 2022.
             Slain by an orc wizard
             ... wielding a +0 dagger
              (3 damage)
             ... on level 3 of the Dungeon.
             The game lasted 00:02:41 (1978 turns).

Zeldest the Stinger (Formicid Venom Mage)           Turns: 1978, Time: 00:02:42

Health: 0/30       AC:  2    Str: 13    XL:     4   Next: 62%
Magic:  4/8        EV: 16    Int: 16    God:
Gold:   108        SH:  0    Dex: 14    Spells: 6/9 levels left

rFire   . . .      SeeInvis +   c - +0 short sword
rCold   . . .      Faith    .   (no shield)
rNeg    . . .      Spirit   .   a - +0 robe
rPois   .          Reflect  .   (helmet unavailable)
rElec   .          Harm     .   (no cloak)
rCorr   .          Rampage  .   (no gloves)
Will    .....                   (no boots)
Stlth   ++........              (no amulet)
HPRegen 0.10/turn               o - +4 ring of evasion
MPRegen 0.11/turn               (no ring)

@: no status effects
A: permanent stasis, dig shafts and tunnels, antennae 3, four strong arms
a: Dig, Shaft Self


You were on level 3 of the Dungeon.
You visited 1 branch of the dungeon, and saw 3 of its levels.

You collected 108 gold pieces.

Inventory:

Hand Weapons
 c - a +0 short sword (weapon)
Armour
 a - a +0 robe (worn)
Jewellery
 o - a +4 ring of evasion (left hand)
Scrolls
 f - 3 scrolls of teleportation {unknown}
 g - a scroll of blinking {unknown}
 i - a scroll of enchant weapon {unknown}
 j - a scroll of amnesia {unknown}
 l - a scroll of enchant armour {unknown}
 n - a scroll of magic mapping {unknown}
Potions
 b - a potion of magic
 k - a potion of lignification {unknown}
 m - a potion of curing {unknown}


   Skills:
 - Level 1.7 Dodging
 - Level 2.4 Stealth
 + Level 3.1 Spellcasting
 - Level 1.1 Transmutations
 * Level 6.0 Poison Magic


You had 6 spell levels left.
You knew the following spells:

 Your Spells              Type           Power      Damage    Failure   Level
a - Sting                 Tmut/Pois      52%        1d5       4%          1
b - Poisonous Vapours     Pois/Air       24%        N/A       9%          2

Your spell library contained the following spells:

 Spells                   Type           Power      Damage    Failure   Level
 Olgreb's Toxic Radiance  Pois           21%        N/A       16%         4
 Mephitic Cloud           Conj/Pois/Air  8%         N/A       24%         3
 Dazzling Flash           Conj/Hex       4%         N/A       50%         3
 Iskenderun's Mystic Bla  Conj/Tloc      2%         2d3       88%         4
 Starburst                Conj/Fire      1%         6d3       100%        6


Dungeon Overview and Level Annotations

Branches:
Dungeon (3/15)

Altars:
Kikubaaqudgha
Sif Muna

Shops:
D:2 !


Innate Abilities, Weirdness & Mutations

You cannot be hasted, slowed, berserked, paralysed or teleported.
You can dig through walls and to a lower floor.
You have a pair of large antennae on your head. (SInv)
Your four strong arms can wield two-handed weapons with a shield.


Message History

The orc wizard flickers and vanishes for a moment.
It was a potion of haste.
Your stasis prevents you from being hasted.
You feel sick. The orc wizard completely misses you.
It was a potion of cancellation.
Your magical effects are unravelling.
You feel magically purged.
You feel less confused.
You feel sick.
The orc wizard mumbles some strange words.
The orc wizard flickers and vanishes for a moment.
You closely miss the orc wizard.
The orc wizard is heavily wounded.
You feel sick. The orc wizard completely misses you.
You closely miss the orc wizard.
The orc wizard is heavily wounded.
You feel sick.
The orc wizard points at you and mumbles some strange words.
The magic dart hits you! The orc wizard closely misses you.
The orc wizard points at you and mumbles some strange words.
The magic dart hits the orc wizard.
You barely miss the orc wizard.
The orc wizard is almost dead.
You feel sick. The orc wizard closely misses you.
You feel sick.
You are no longer poisoned.
The orc wizard points at you and mumbles some strange words.
The magic dart hits you!
* * * LOW HITPOINT WARNING * * *
There is a fountain of clear blue water here.
Okay, then.
The orc wizard attacks as you move away!
The orc wizard closely misses you.
You kill the orc wizard!
Your Poison Magic skill increases to level 6!
The orc wizard attacks as you move away!
The orc wizard closely misses you.
The orc wizard attacks as you move away!
The orc wizard hits you with a +0 dagger.
You die...

#################
#####................
..>..........########
############..####
##....# ####.###
##..@..## ##..oo⌠..##
##....⌠)...##
#....⌠.⌠....#
#...........#
##+###'###'##
#...#...# { #._.#._.#
#########


You could see 2 orc wizards.

Vanquished Creatures
  2 orc wizards (D:3)
  A dart slug (D:1)
  An orc (D:3)
  3 bats (D:1)
  An endoplasm (D:1)
  A giant cockroach (D:1)
  5 hobgoblins
  6 kobolds
  A quokka (D:2)
  3 ball pythons
  3 frilled lizards
  2 goblins (D:1)
  7 rats
36 creatures vanquished.

Notes
Turn   | Place    | Note
-------+----------+-------------------------------------------
     0 | D:1      | Zeldest the Formicid Venom Mage began the quest for the
                  | Orb.
     0 | D:1      | Reached XP level 1. HP: 13/13 MP: 3/3
    63 | D:1      | Found a faded altar of an unknown god.
   162 | D:1      | Reached XP level 2. HP: 19/19 MP: 5/5
   653 | D:1      | Reached XP level 3. HP: 24/24 MP: 6/6
   776 | D:1      | Reached skill level 5 in Poison Magic
  1026 | D:2      | Identified the +0 dagger "Wilus" {distort, Str-4 Dex+4}
  1178 | D:2      | Found Ellallum's Distillery.
  1696 | D:3      | Learned a level 2 spell: Poisonous Vapours
  1873 | D:3      | Found a shimmering blue altar of Sif Muna.
  1883 | D:3      | Reached XP level 4. HP: 22/30 MP: 2/8
  1961 | D:3      | Found an ancient bone altar of Kikubaaqudgha.
  1978 | D:3      | Reached skill level 6 in Poison Magic
  1978 | D:3      | Slain by an orc wizard

Illustrated notes

Levels and vault maps discovered:
D:1:      lightli_arrival_statue_moat, layout_basic,
          ebering_ecumenical_altar_webs
D:2:      layout_basic, serial_shops, shop
D:3:      layout_basic, palyth_temple_overflow_mages, zin_scriptorium,
          uniq_sigmund

Skill      XL: |  1  2  3  4 |
---------------+-------------+-----
Poison Magic   | 5 6 |  6.0
Spellcasting   | 3 |  3.1
Dodging        | |  1.7
Stealth        | |  2.4
Transmutations | |  1.1

Action                   |  1- 3 |  4- 6 || total
-------------------------+-------+-------++-------
Melee: Unarmed           |     6 |       ||     6
       Short sword       |    86 |     5 ||    91
 Cast: Sting             |    13 |     1 ||    14
       Poisonous Vapours |     5 |     2 ||     7
  Use: Potion            |       |     3 ||     3
 Stab: Sleeping          |     7 |       ||     7
Armor: Robe              |    20 |     1 ||    21
Dodge: Dodged            |    58 |     9 ||    67
